cohdb
Replays
Latest Replays
All Replays
Popular Replays
Top Player Replays
Match Explorer
How It Works
Community
CoH3 Stats
Reddit
Sign in to upload your games and track your stats! →
Sign in with Steam
Match 41451112
Unlisted
Match 41451112
Overview
Messages
Build Orders
End
Vickers Machine Gun Team
Construct Section Command Post
Infantry Section
Selects Heavy Armor Battlegroup
Infantry Section
Infantry Section
Construct Field Infirmary
Grenade Package
Selects Light Vehicle Withdraw and Refit
Selects UNKNOWN (202330)
Construct Platoon Command Post
Infantry Section
Selects Rigorous Vehicle Training
Humber Armored Car
Infantry Section
Selects Recon Artillery
Selects Forward Repair Assembly
Selects UNKNOWN (2162094)
Selects Recon Artillery
Construct Company Command Post
6-pounder Anti-tank Gun Team
Churchill IV Heavy Tank
6-pounder Anti-tank Gun Team
Royal Engineer Section
Recon Artillery
Infantry Section
Dr. Toblerone
flyingmath
EnduringKettle
BIOHAZARD
Gorgolo
Andreuz
0
0
Comments
sign in to comment!
No comments posted yet!